 Dungeon Crawl Stone Soup version 0.22.1-2-g9c5b331 (webtiles) character file.

30 Santreim the Conjurer (level 3, -2/28 HPs)
             Began as a Draconian Conjurer on Dec 17, 2018.
             Succumbed to Terence's poison
             ... on level 2 of the Dungeon.
             The game lasted 00:03:15 (756 turns).

Santreim the Conjurer (Draconian Conjurer)           Turns: 756, Time: 00:03:16

Health: -2/28      AC:  6    Str: 10    XL:     3   Next: 3%
Magic:  3/6        EV: 12    Int: 16    God:
Gold:   14         SH:  0    Dex: 11    Spells: 0/6 levels left

rFire    . . .     SeeInvis .   e - +1 dagger (freeze)
rCold    . . .     Gourm    .   (no shield)
rNeg     . . .     Faith    .   (armour unavailable)
rPois    .         Spirit   .   (helmet restricted)
rElec    .         Reflect  .   (no cloak)
rCorr    .         Harm     .   (no gloves)
MR       .....                  d - +0 pair of boots
Stlth    ++........             (no amulet)
HPRegen  0.09/turn              (no ring)
MPRegen  0.10/turn              (no ring)

@: lethally poisoned (-2 -> -62)
A: unfitting armour, cold-blooded, AC +5
a: no special abilities


You were on level 2 of the Dungeon.
You were not hungry.

You visited 1 branch of the dungeon, and saw 2 of its levels.

You collected 14 gold pieces.

Inventory:

Hand Weapons
 e - a +1 dagger of freezing (weapon)
Armour
 d - a +0 pair of boots (worn)
Scrolls
 c - a scroll of remove curse
 g - a scroll of identify {unknown}
Potions
 a - a potion of agility {unknown}
 f - 2 potions of haste {unknown}
Comestibles
 b - a ration


   Skills:
 + Level 1.0 Fighting
 + Level 2.1 Dodging
 + Level 2.2 Stealth
 + Level 2.2 Spellcasting
 + Level 4.2 Conjurations


You couldn't memorise any spells.
You knew the following spells:

 Your Spells              Type           Power        Failure   Level  Hunger
a - Magic Dart            Conj           ###.         3%          1    #......
b - Searing Ray           Conj           ###...       5%          2    ###....
c - Dazzling Spray        Conj/Hex       #.....       26%         3    ###....

Your spell library contained the following spells:

 Spells                   Type           Power        Failure   Level  Hunger
 Iskenderun's Mystic Bla  Conj           ###.....     34%         4    #####..
 Force Lance              Conj/Tloc      #.......     63%         4    #####..
 Fulminant Prism          Conj/Hex       #.........   63%         4    #####..


Dungeon Overview and Level Annotations

Branches:
Dungeon (2/15)

Altars:

Annotations:
D:2 Terence


Innate Abilities, Weirdness & Mutations

Your plain brown scales are hard. (AC +5)
You cannot fit into any form of body armour.
You are cold-blooded and may be slowed by cold attacks.


Message History

You barely miss Terence.
Terence is heavily wounded.
* * * LOW HITPOINT WARNING * * *
You feel very sick. Terence hits you but does no damage.
You are more poisoned.
You barely miss Terence.
Terence is heavily wounded.
* * * LOW HITPOINT WARNING * * *
You feel very sick. Terence hits you but does no damage.
You are more poisoned.
Casting: Magic Dart (safe; 3% risk of failure)
Confirm with . or Enter, or press ? or * to list all spells.
Aiming: Magic Dart (safe; 3% risk of failure)
Press: ? - help, Shift-Dir - straight line, f/p - Terence
Aim: Terence, wielding a short sword of venom and wearing a ring mail (heavily The magic dart hits Terence.
Terence is heavily wounded.
You die...

.### #..
... ..##
#.. #...
..#
#.##.##.#
#.##.#.@#
#.##.)#@#
#.# ##..#
#.###.†.#
#<......#
#####...#
#.......
#...###.
......
.......


You could see Terence.

Vanquished Creatures
  A leopard gecko (D:1)
  2 ball pythons (D:1)
  5 bats (D:1)
  2 giant cockroaches (D:1)
  2 hobgoblins (D:1)
  A jackal (D:1)
  2 frilled lizards (D:1)
  3 goblins
  7 kobolds (D:1)
  2 rats (D:1)
27 creatures vanquished.

Notes
Turn   | Place    | Note
-------+----------+-------------------------------------------
     0 | D:1      | Santreim the Draconian Conjurer began the quest for the
                  | Orb.
     0 | D:1      | Reached XP level 1. HP: 14/14 MP: 3/3
   135 | D:1      | Reached XP level 2. HP: 21/22 MP: 5/5
   355 | D:1      | Reached skill level 1 in Fighting
   486 | D:1      | Reached XP level 3. HP: 28/28 MP: 4/6
   521 | D:1      | Learned a level 2 spell: Searing Ray
   525 | D:1      | Learned a level 3 spell: Dazzling Spray
   743 | D:2      | Noticed Terence
   756 | D:2      | Succumbed to Terence's poison

Skill      XL: |  1  2 |
---------------+-------+-----
Stealth        | 2 |  2.2
Dodging        | 2 |  2.1
Fighting       | 1 |  1.0
Spellcasting   | |  2.2
Conjurations   | |  4.2

Action                   || total
-------------------------++-------
Melee: Short sword       ||    31
       Tailslap          ||     7
       Dagger            ||    46
 Cast: Magic Dart        ||    16
  Use: Scroll            ||     1
Armor: Skin              ||    40
Dodge: Dodged            ||    73
